 Dungeon Crawl Stone Soup version 0.22.1-1-ga44c0e56f4 (webtiles) character file.

76 Peloso the Shield-Bearer (level 4, -1/40 HPs)
             Began as a Minotaur Fighter on Oct 30, 2018.
             Slain by Grinder (6 damage)
             ... on level 2 of the Dungeon.
             The game lasted 00:08:01 (1115 turns).

Peloso the Shield-Bearer (Minotaur Fighter)         Turns: 1115, Time: 00:08:10

Health: -1/40      AC:  8    Str: 21    XL:     4   Next: 12%
Magic:  3/3        EV:  7    Int:  8    God:
Gold:   66         SH:  9    Dex: 10    Spells: 3/3 levels left

rFire    . . .     SeeInvis .   a - +0 long sword
rCold    . . .     Gourm    .   c - +0 shield
rNeg     . . .     Faith    .   b - +0 scale mail
rPois    +         Spirit   .   (helmet restricted)
rElec    .         Reflect  .   (no cloak)
rCorr    .         Harm     .   k - +0 pair of gloves
MR       .....                  (no boots)
Stlth    ..........             (no amulet)
HPRegen  0.13/turn              g - +3 ring of intelligence
MPRegen  0.08/turn              j - ring of poison resistance

@: lethally poisoned (-1 -> -6), flying
A: retaliatory headbutt, horns 2
a: no special abilities


You were on level 2 of the Dungeon.
You were hungry.

You visited 1 branch of the dungeon, and saw 3 of its levels.

You collected 66 gold pieces.

Inventory:

Hand Weapons
 a - a +0 long sword (weapon)
Armour
 b - a +0 scale mail (worn)
 c - a +0 shield (worn)
 k - a +0 pair of gloves (worn)
Jewellery
 g - a +3 ring of intelligence (left hand)
 j - a ring of poison resistance (right hand)
 n - a cursed -3 ring of intelligence
Scrolls
 e - a scroll of amnesia
 o - a scroll of teleportation {unknown}
 q - a scroll of enchant weapon {unknown}
Potions
 d - a potion of might
Comestibles
 f - 6 rations


   Skills:
 + Level 4.1 Fighting
 + Level 3.8 Long Blades
 + Level 4.0 Armour
 + Level 0.4 Dodging
 + Level 4.4 Shields


You had 3 spell levels left.
You didn't know any spells.
Your spell library was empty.

Dungeon Overview and Level Annotations

Branches:
Dungeon (3/15)

Altars:
Xom

Annotations:
D:2 Grinder
D:3 Robin


Innate Abilities, Weirdness & Mutations

You reflexively headbutt those who attack you in melee.
You have a pair of horns on your head.


Message History

You feel sick. The jackal closely misses you. You furiously retaliate!
You headbutt the jackal!
You kill the jackal!
You block Grinder's attack. The goblin hits you but does no damage.
Unknown command.
You closely miss Grinder.
Grinder is moderately wounded.
You feel sick. Grinder gestures at you.
You shrug off the repeated paralysis!
The goblin barely misses you.
You riposte.
You hit the goblin but do no damage. Grinder barely misses you.
Unknown command.
It was a potion of flight.
You feel very buoyant.
You fly up into the air.
You block the goblin's attack.
Grinder says, "I used to sell toenails on the black market."
Grinder hits you.
* * * LOW HITPOINT WARNING * * *
You writhe in agony.
You die...

############
#.....†....#########
##...)5@............#
###..(..g†....#####..##
#...#....?.....####.##
####.....#####....##...#
####....#####
##......### ##....####
#.....######### ...#..#
#...#....##...# .....##
#...####.......
....###############...#
##......


You could see Grinder and a goblin.

Vanquished Creatures
  3 adders
  An orc (D:2)
  7 bats
  3 giant cockroaches
  5 goblins
  8 hobgoblins
  3 jackals (D:2)
  2 kobolds
  2 ball pythons (D:2)
  3 frilled lizards
  8 rats
45 creatures vanquished.

Vanquished Creatures (others)
  A jackal (D:2)
1 creature vanquished.

Grand Total: 46 creatures vanquished

Notes
Turn   | Place    | Note
-------+----------+-------------------------------------------
     0 | D:1      | Peloso the Minotaur Fighter began the quest for the Orb.
     0 | D:1      | Reached XP level 1. HP: 19/19 MP: 0/0
   144 | D:1      | Reached XP level 2. HP: 27/27 MP: 1/1
   541 | D:1      | Reached XP level 3. HP: 28/33 MP: 2/2
   817 | D:2      | Reached XP level 4. HP: 30/40 MP: 3/3
  1070 | D:3      | Found a shimmering altar of Xom.
  1070 | D:3      | Noticed Grinder
  1100 | D:3      | Noticed Robin
  1110 | D:2      | Paralysed by Grinder for 2 turns
  1115 | D:2      | Slain by Grinder

Skill      XL: |  1  2  3 |
---------------+----------+-----
Shields        | 4 |  4.4
Long Blades    | 3 |  3.8
Fighting       | 4 |  4.1
Armour         | 4 |  4.0
Dodging        | |  0.4

Action                   |  1- 3 |  4- 6 || total
-------------------------+-------+-------++-------
Melee: Long sword        |    51 |    11 ||    62
       Hand axe          |    52 |       ||    52
       Headbutt          |    14 |     3 ||    17
  Use: Scroll            |     1 |     3 ||     4
       Potion            |       |     1 ||     1
Armor: Scale mail        |    60 |    22 ||    82
Dodge: Dodged            |    34 |    15 ||    49
Block: Shield            |    68 |    16 ||    84
       Rpst.: Long sword |     2 |     2 ||     4
